 Dungeon Crawl Stone Soup version 0.19.0-20-gbc5f0c6 (webtiles) character file.

29 Remedyn the Shield-Bearer (level 3, 0/29 HPs)
             Began as a Formicid Fighter on Nov 17, 2016.
             Slain by a hound (2 damage)
             ... on level 8 of the Dungeon.
             The game lasted 00:05:11 (1880 turns).

Remedyn the Shield-Bearer (Formicid Fighter)        Turns: 1880, Time: 00:05:12

Health: 0/29       AC:  7    Str: 21    XL:     3   Next: 32%
Magic:  3/3        EV:  8    Int:  7    God:
Gold:   44         SH:  9    Dex: 10    Spells: 0 memorised, 2 levels left

rFire  . . .     SeeInvis +     a - +0 war axe
rCold  . . .     Gourm    .     b - +0 scale mail
rNeg   . . .     Faith    .     c - +0 shield
rPois  .         Spirit   .     (helmet unavailable)
rElec  .         Reflect  .     (no cloak)
rCorr  .         Harm     .     (no gloves)
MR     .....                    (no boots)
Stlth  ..........               h - amulet of inaccuracy (curse)
                                (no ring)
                                (no ring)

@: no status effects
A: permanent stasis, dig shafts and tunnels, four strong arms, antennae 3
a: Dig, Shaft Self


You were on level 8 of the Dungeon.
You were hungry.

You visited 1 branch of the dungeon, and saw 6 of its levels.

You collected 44 gold pieces.

Inventory:

Hand Weapons
 a - a +0 war axe (weapon)
Missiles
 e - 39 stones (quivered)
Armour
 b - a +0 scale mail (worn)
 c - a +0 shield (worn)
Jewellery
 h - a cursed amulet of inaccuracy (around neck)
Potions
 d - a potion of might
 g - 2 potions of flight {unknown}
 j - a potion of mutation {unknown}


   Skills:
 + Level 3.3 Fighting
 * Level 2.4 Axes
 + Level 3.9 Armour
 + Level 4.0 Shields


You had 2 spell levels left.
You didn't know any spells.

Dungeon Overview and Level Annotations

Branches:
Dungeon (4/15)             Temple (0/1) D:4

Altars:


Innate Abilities, Weirdness & Mutations

You are under a permanent stasis effect.
You can dig through walls and to a lower floor.
Your four strong arms can wield two-handed weapons with a shield.
You have a pair of large antennae on your head. (SInv)


Message History

You block the hound's attack. The hound bites you but does no damage.
You block the ogre's attack.
Found a fizzy grey potion.
Your shield and scale mail prevent you from hitting the ogre.
You miss the hound. You block the hound's attack. The hound bites you.
* * * LOW HITPOINT WARNING * * *
The ogre hits you with a giant spiked club.
* * * LOW HITPOINT WARNING * * *
Your shield and scale mail prevent you from hitting the ogre.
You miss the hound. The hound bites you but does no damage.
The hound barely misses you. You block the ogre's attack.
You slash the ogre!
The ogre is moderately wounded.
You miss the hound. You block the hound's attack.
The hound pauses to sniff the ground.
The hound bites you but does no damage. The ogre barely misses you.
You hit the ogre.
The ogre is heavily wounded.
You miss the hound. The hound bites you.
You die...

#.# #.# #.# ##
#.# ..#####.####
#.....:....#
#..........#
#.......@..#
#......hO..####
.=.............
................
.........#!....!
.........#......
.........#######
.........#
...$.....#


You could see an ogre and a hound.

Vanquished Creatures
  An adder (D:4)
  A ball python (D:1)
  A giant cockroach (D:1)
  3 goblins (D:1)
  A hobgoblin (D:1)
  4 jackals (D:1)
  3 kobolds (D:1)
  A bat (D:1)
  A frilled lizard (D:1)
  2 rats (D:1)
18 creatures vanquished.

Notes
Turn   | Place    | Note
-------+----------+-------------------------------------------
     0 | D:1      | Remedyn the Formicid Fighter began the quest for the Orb.
     0 | D:1      | Reached XP level 1. HP: 18/18 MP: 1/1
   233 | D:1      | Reached XP level 2. HP: 24/24 MP: 2/2
  1723 | D:1      | Paralysed by fainting for 7 turns
  1757 | D:1      | Paralysed by fainting for 11 turns
  1769 | D:1      | Paralysed by fainting for 9 turns
  1818 | D:1      | Reached XP level 3. HP: 12/29 MP: 3/3
  1821 | D:1      | You fall through a shaft!
  1824 | D:2      | You fall through a shaft!
  1827 | D:3      | You fall through a shaft!
  1827 | D:4      | Found a staircase to the Ecumenical Temple.
  1843 | D:4      | Reached skill level 4 in Shields
  1859 | D:4      | You fall through a shaft!
  1859 | D:5      | Entered Level 5 of the Dungeon
  1862 | D:5      | You fall through a shaft for 3 floors!
  1869 | D:8      | Noticed an ogre
  1880 | D:8      | Slain by a hound

Skill      XL: |  1  2  3 |
---------------+----------+-----
Shields        | 4 |  4.0
Fighting       | |  3.3
Axes           | |  2.4
Armour         | |  3.9

Action                   || total
-------------------------++-------
Melee: War axe           ||   116
 Abil: Shaft Self        ||     5
  Use: Scroll            ||     2
  Eat: Bread ration      ||     1
Armor: Scale mail        ||   120
Dodge: Dodged            ||    79
Block: Shield            ||   139
